 Dungeon Crawl Stone Soup version 0.30-a0-634-g8abc85282e (webtiles) character file.

Game seed: 10373789067013962877

51 Persephone the Shooter (level 3, -3/30 HPs)
             Began as a Minotaur Hunter on Jan 14, 2023.
             Slain by a gnoll
             ... wielding a +0 spear
              (6 damage)
             ... on level 2 of the Dungeon.
             The game lasted 00:02:23 (1148 turns).

Persephone the Shooter (Minotaur Hunter)            Turns: 1148, Time: 00:02:24

Health: -3/30      AC:  3    Str: 15    XL:     3   Next: 58%
Magic:  2/2        EV: 12    Int:  6    God:
Gold:   10         SH:  0    Dex: 15    Spells: 2/2 levels left

rFire   . . .      SeeInvis .    a - +0 shortbow
rCold   . . .      Faith    .    (shield currently unavailable)
rNeg    . . .      Spirit   .    c - +0 leather armour
rPois   .          Reflect  .    (helmet restricted)
rElec   .          Harm     .    (no cloak)
rCorr   .          Rampage  .    (no gloves)
Will    .....                    (no boots)
Stlth   +                        (no amulet)
HPRegen 0.25/turn                (no ring)
MPRegen 0.08/turn                (no ring)

@: no status effects
A: horns 2, retaliatory headbutt
a: no special abilities


You were on level 2 of the Dungeon.
You visited 1 branch of the dungeon, and saw 2 of its levels.

You collected 10 gold pieces.

Inventory:

Hand Weapons
 a - a +0 shortbow (weapon)
Armour
 c - a +0 leather armour (worn)
Jewellery
 g - a ring of fire
Scrolls
 b - 2 scrolls of immolation
 e - 4 scrolls of identify {unknown}
 f - a scroll of fog {unknown}
 h - a scroll of noise {unknown}
 i - 2 scrolls of enchant armour {unknown}
 l - a scroll of poison {unknown}
 m - a scroll of teleportation {unknown}
Potions
 d - 2 potions of lignification {unknown}
 j - 2 potions of cancellation
 k - a potion of attraction {unknown}
 n - a potion of curing {unknown}
 o - a potion of might {unknown}


   Skills:
 - Level 2.5 Fighting
 + Level 5.8 Ranged Weapons
 - Level 2.2 Dodging
 - Level 0.8 Stealth


You had 2 spell levels left.
You didn't know any spells.
Your spell library contained the following spells:

 Spells                   Type           Power      Damage    Failure   Level
 Sting                    Tmut/Pois      0%         1d3       52%         1
 Poisonous Vapours        Pois/Air       0%         N/A       67%         2
 Olgreb's Toxic Radiance  Pois           0%         N/A       99%         4
 Freezing Cloud           Conj/Ice/Air   0%         6-21      100%        5
 Simulacrum               Ice/Necr       0%         N/A       100%        6
 Polar Vortex             Ice            0%         N/A       100%        9


Dungeon Overview and Level Annotations

Branches:
Dungeon (2/15)

Altars:


Innate Abilities, Weirdness & Mutations

You have a pair of horns on your head.
You reflexively headbutt those who attack you in melee.


Message History

The gnoll closely misses you. x2
You shoot an arrow. The arrow hits the gnoll.
The gnoll is almost dead.
The gnoll hits you with a +0 club!
The gnoll hits you from afar with a +0 spear.
The gnoll hits you with a +0 club! The gnoll closely misses you.
You are too injured to fight recklessly!
The gnoll attacks as you move away! The gnoll closely misses you.
You furiously retaliate!
You headbutt the gnoll.
You kill the gnoll!
It was a potion of cancellation.
You feel magically purged.
Fire: a) +0 shortbow
Press: ? - help, Shift-Dir - straight line, f - gnoll
Aim: a gnoll, wielding a +0 flail (65% to hit)
You shoot an arrow. The arrow barely misses the gnoll.
Fire: a) +0 shortbow
Press: ? - help, Shift-Dir - straight line, f/p - gnoll
Aim: a gnoll, wielding a +0 flail (65% to hit)
You shoot an arrow. The arrow hits the gnoll!
The gnoll is severely wounded.
The gnoll hits you with a +0 flail.
* * * LOW HITPOINT WARNING * * *
The gnoll hits you from afar with a +0 spear.
* * * LOW HITPOINT WARNING * * *
Fire: a) +0 shortbow
Press: ? - help, Shift-Dir - straight line, f/p - gnoll
Aim: a gnoll, wielding a +0 flail (severely wounded, 65% to hit)
You shoot an arrow. The arrow hits the gnoll.
The gnoll is severely wounded.
The gnoll hits you with a +0 flail.
* * * LOW HITPOINT WARNING * * *
The gnoll completely misses you.
Fire: a) +0 shortbow
Press: ? - help, Shift-Dir - straight line, f/p - gnoll
Aim: a gnoll, wielding a +0 flail (severely wounded, 65% to hit)
You shoot an arrow. The arrow hits the gnoll.
The gnoll is almost dead.
The gnoll closely misses you. x2; The gnoll barely misses you.
The gnoll hits you from afar with a +0 spear.
You die...

#.# #.# #+# #. #.#
#.# ... ###. #.#
#.# .... #... #.#
#.# ..... #...
#.#######.###g.....
#...
#..........)g....>.
+...
##.......g###......
#... #........#g#
..... ####
#.#.##..##@# ....
#.#.##..##.# ... #
#.#...##.# +#
#.#..###.# #.#..#
#.# ... #.# ..# ...


You could see 2 gnolls.

Vanquished Creatures
  A gnoll (D:2)
  An adder (D:2)
  3 dart slugs (D:1)
  A ball python (D:1)
  A bat (D:2)
  3 endoplasms
  2 giant cockroaches
  A goblin (D:2)
  5 hobgoblins
  A quokka (D:1)
  2 kobolds (D:2)
  3 rats
24 creatures vanquished.

Notes
Turn   | Place    | Note
-------+----------+-------------------------------------------
     0 | D:1      | Persephone the Minotaur Hunter began the quest for the Orb.
     0 | D:1      | Reached XP level 1. HP: 18/18 MP: 0/0
   274 | D:1      | Reached XP level 2. HP: 25/25 MP: 1/1
   475 | D:1      | Reached skill level 5 in Ranged Weapons
   617 | D:1      | Found a faded altar of an unknown god.
   853 | D:2      | Reached XP level 3. HP: 22/30 MP: 2/2
  1148 | D:2      | Slain by a gnoll

Illustrated notes

Levels and vault maps discovered:
D:1:      noname_arrival_rooms_in_the_neighbourhood, layout_basic,
          basic_ecumenical_altar, eino_curves_04
D:2:      layout_loops_corners

Skill      XL: |  1  2 |
---------------+-------+-----
Ranged Weapons | 5 |  5.8
Fighting       | |  2.5
Dodging        | |  2.2
Stealth        | |  0.8

Action                   || total
-------------------------++-------
 Fire: Shortbow          ||    62
  Use: Potion            ||     1
Armor: Leather armour    ||     7
Dodge: Dodged            ||    23

Table legend: (Time is in decaauts)
 A = Elapsed time spent in this place.
 B = Non-inter-level travel time spent in this place.
 C = Inter-level travel time spent in this place.
 D = Time resting spent in this place.
 E = Time spent auto-exploring this place.
 F = Levels seen in this place.
 G = Mean time per level.
                   A        B        C        D        E       F      G
               +--------+--------+--------+--------+--------+-----+--------+
         Total |   1164 |   1070 |     94 |      0 |    934 |   2 |  582.0 |
       Dungeon |   1164 |   1070 |     94 |      0 |    934 |   2 |  582.0 |
               +--------+--------+--------+--------+--------+-----+--------+

Top non-repeatable levels by time:
     D:1: 853 daAuts
     D:2: 311 daAuts
